[Event "Team 45 45 League T61"]
[Site "Internet Chess Club"]
[Date "2014.06.01"]
[Round "1"]
[White "wildkingdumb"]
[Black "zugknightly"]
[Result "1/2-1/2"]
[WhiteElo "1672"]
[BlackElo "1809"]
[Opening "Sicilian defense"]
[ECO "B33"]
[Time "19:00:22"]
[TimeControl "2700+45"]

1. e4 c5 2. Nf3 Nc6 3. d4 cxd4 4. Nxd4 Nf6 5. Nxc6 bxc6 6. Bd3 e5 7. Nd2 Be7 8.
Nf3 d6 9. O-O O-O 10. c4 h6 11. Be3 Be6 12. b3 Qc7 13. Qd2 d5 14. cxd5 cxd5
{Game drawn by mutual agreement} 1/2-1/2

[Event "Team 45 45 League T61"]
[Site "Internet Chess Club"]
[Date "2014.06.01"]
[Round "1"]
[White "Signalman"]
[Black "SilentKnight"]
[Result "1-0"]
[WhiteElo "1714"]
[BlackElo "1616"]
[Opening "King's Indian: London system"]
[ECO "A48"]
[Time "13:35:34"]
[TimeControl "2700+45"]

1. d4 Nf6 2. Nf3 g6 3. Bf4 Bg7 4. e3 d6 5. Nbd2 O-O 6. h3 c5 7. c3 Qb6 8. Qb3
Be6 9. Qxb6 axb6 10. a3 Bd7 11. Be2 Bc6 12. O-O Na6 13. Nc4 Bb5 14. Rfe1 Nd7 15.
a4 Bxa4 16. Rxa4 b5 17. Rxa6 bxa6 18. Na3 b4 19. cxb4 cxb4 20. Nc4 Rfc8 21. b3
d5 22. Ncd2 a5 23. Bb5 Nf6 24. Ne5 Rc2 25. Rd1 Rac8 26. g4 Rc1 27. Rxc1 Rxc1+
28. Kg2 Rc2 29. Nef3 Ne4 30. Nxe4 dxe4 31. Ne5 Rc3 32. Ba4 Bxe5 33. Bxe5 f6 34.
Bb8 Rc8 35. Ba7 Kf7 36. Bb6 Ra8 37. d5 Ra6 38. Bc7 Ra7 39. Bb6 Ra6 40. Bc5 Kf8
41. Kg3 Kf7 42. Kf4 h6 43. Kxe4 f5+ 44. Kf4 fxg4 45. hxg4 Rf6+ 46. Kg3 h5 47. e4
hxg4 48. Kxg4 Ra6 49. Kg5 Rf6 50. f4 Ra6 51. Bc6 e6 52. Bb7 {Black resigns} 1-0

[Event "Team 45 45 League T61"]
[Site "Internet Chess Club"]
[Date "2014.06.01"]
[Round "1"]
[White "JeffH"]
[Black "evan7284"]
[Result "1/2-1/2"]
[WhiteElo "1695"]
[BlackElo "1564"]
[Opening "Two knights defense (Modern bishop's opening)"]
[ECO "C24"]
[Time "13:00:18"]
[TimeControl "2700+45"]

1. e4 e5 2. Bc4 Nf6 3. d3 Nc6 4. Nf3 h6 5. O-O Bc5 6. Nc3 d6 7. h3 Na5 8. Bb3
Nxb3 9. axb3 a6 10. Re1 O-O 11. Ne2 Be6 12. Ng3 Qd7 13. d4 exd4 14. Nxd4 Rad8
15. Be3 Bb6 16. Nxe6 fxe6 17. Bxb6 cxb6 18. Qe2 Qc7 19. Rad1 b5 20. Rd3 Rd7 21.
Red1 Rfd8 22. c3 b6 23. Ra1 a5 24. Nh5 Rf7 25. Nxf6+ Rxf6 26. Rad1 Rf7 27. Qg4
Qe7 28. Qh5 Qd7 {Game drawn by mutual agreement} 1/2-1/2

[Event "Team 45 45 League T61"]
[Site "Internet Chess Club"]
[Date "2014.05.31"]
[Round "1"]
[White "werty"]
[Black "okieman888"]
[Result "1/2-1/2"]
[WhiteElo "1538"]
[BlackElo "1421"]
[Opening "Queen's pawn, Mason variation"]
[ECO "D00"]
[Time "14:30:48"]
[TimeControl "2700+45"]

1. d4 d5 2. Bf4 Bf5 3. e3 Nf6 4. Nf3 e6 5. Bd3 Bxd3 6. Qxd3 c5 7. c3 cxd4 8.
exd4 Bd6 9. Bxd6 Qxd6 10. Nbd2 O-O 11. O-O Nc6 12. Rfe1 Qc7 13. Re2 Rab8 14.
Rae1 b5 15. a3 a5 16. Nb3 Ne4 17. Nbd2 Nf6 18. Ne5 b4 19. axb4 axb4 20. cxb4
Nxb4 21. Qb1 Qc2 22. Ndf3 Qxb1 23. Rxb1 {Game drawn by mutual agreement} 1/2-1/2

[Event "Team 45 45 League T61"]
[Site "Internet Chess Club"]
[Date "2014.05.29"]
[Round "1"]
[White "Portola"]
[Black "otherook"]
[Result "1-0"]
[WhiteElo "1860"]
[BlackElo "1789"]
[Opening "Queen's Pawn"]
[ECO "A41"]
[Time "18:01:22"]
[TimeControl "2700+45"]

1. d4 d6 2. c3 g6 3. Bf4 Bg7 4. Nf3 Nd7 5. e3 e5 6. dxe5 dxe5 7. Bg3 Ne7 8. h3
Nf5 9. Bh2 O-O 10. Nbd2 Nd6 11. Be2 Re8 12. O-O Qe7 13. Qc2 Nc5 14. e4 a5 15. a4
b6 16. b4 Na6 17. bxa5 bxa5 18. Nb3 Nb7 19. Bb5 Bd7 20. Bxd7 Qxd7 21. Rfd1 Qc6
22. Rd2 Nac5 23. Nxc5 Nxc5 24. Re2 Rab8 25. Ra3 Kh8 26. Bg3 f6 27. Nd2 Ne6 28.
Nb3 Qb6 29. Nd2 Qb2 30. Nc4 Qb1+ 31. Kh2 Qxc2 32. Rxc2 Bf8 33. Ra1 Nc5 34. f3
Kg8 35. Ne3 Nb3 36. Raa2 Nc5 37. Nd5 Re6 38. Nxc7 Rc6 39. Nd5 Na6 40. Bf2 Nb4
41. cxb4 {Black resigns} 1-0

[Event "Team 45 45 League T61"]
[Site "Internet Chess Club"]
[Date "2014.05.31"]
[Round "1"]
[White "crazyhorses"]
[Black "MetaGod"]
[Result "1-0"]
[WhiteElo "1420"]
[BlackElo "1584"]
[Opening "Caro-Kann: classical variation"]
[ECO "B18"]
[Time "11:00:25"]
[TimeControl "2700+45"]

1. e4 c6 2. d4 d5 3. Nc3 dxe4 4. Nxe4 Bf5 5. Ng3 Bg6 6. Nf3 h6 7. Bd3 Bxd3 8.
Qxd3 Nf6 9. O-O e6 10. Re1 Nbd7 11. Bd2 Be7 12. c4 Nb6 13. a4 a5 14. Rad1 O-O
15. Qb3 Qc7 16. Ne5 Nbd7 17. Bf4 Nxe5 18. Bxe5 Qc8 19. Ne4 Nd7 20. Bg3 Bb4 21.
Re3 c5 22. d5 exd5 23. Nd6 dxc4 24. Qxc4 Qc6 25. Re7 Nb6 26. Qa2 Rad8 27. Rxf7
c4 28. Rxf8+ Kxf8 29. Qb1 Bxd6 30. Qf5+ Kg8 31. Qe6+ Kh8 32. Be5 Re8 33. Qxh6+
Kg8 34. Qxg7# {Black checkmated} 1-0

[Event "Team 45 45 League T61"]
[Site "Internet Chess Club"]
[Date "2014.06.01"]
[Round "1"]
[White "jcule"]
[Black "caglar"]
[Result "1-0"]
[WhiteElo "1476"]
[BlackElo "1580"]
[Opening "QGD Slav defense"]
[ECO "D10"]
[Time "12:00:13"]
[TimeControl "2700+45"]

1. d4 d5 2. c4 c6 3. e3 Nf6 4. Nc3 a6 5. a3 b5 6. c5 Bf5 7. b4 Nbd7 8. Nf3 h6 9.
Bd3 Bxd3 10. Qxd3 Qc7 11. h3 e5 12. dxe5 Nxe5 13. Nxe5 Qxe5 14. O-O Be7 15. Re1
O-O 16. Bb2 Qc7 17. e4 dxe4 18. Nxe4 Rad8 19. Qf3 Nxe4 20. Qxe4 Rfe8 21. Qg4 f6
22. Re3 Rd5 23. Bxf6 g5 24. Qh5 Bxf6 25. Rxe8+ Kg7 26. Rae1 Re5 27. R8xe5 Bxe5
28. Qe8 Bf6 29. Rd1 Qe5 30. Rd7+ {Black resigns} 1-0

[Event "Team 45 45 League T61"]
[Site "Internet Chess Club"]
[Date "2014.05.31"]
[Round "1"]
[White "kingphisch"]
[Black "TimeCo"]
[Result "1-0"]
[WhiteElo "1538"]
[BlackElo "1373"]
[Opening "Pirc: Austrian attack"]
[ECO "B09"]
[Time "13:00:47"]
[TimeControl "2700+45"]

1. e4 d6 2. d4 Nf6 3. Nc3 g6 4. f4 Bg7 5. Nf3 Bg4 6. Be3 O-O 7. Qd2 Bxf3 8. gxf3
Nbd7 9. O-O-O a6 10. Bd3 c6 11. e5 dxe5 12. fxe5 Nd5 13. Nxd5 cxd5 14. h4 h5 15.
f4 e6 16. Rdg1 Kh7 17. Qe2 Rh8 18. Qxh5+ Kg8 19. Qg4 Nf8 20. f5 Bh6 21. Bxh6
exf5 22. Bxf5 Rxh6 23. Qf4 Kg7 24. h5 Ne6 25. Bxe6 fxe6 26. hxg6 Rxh1 27. Qf7+
{Black resigns} 1-0

[Event "Team 45 45 League T61"]
[Site "Internet Chess Club"]
[Date "2014.05.30"]
[Round "1"]
[White "QuieroAprender"]
[Black "Bryant-L"]
[Result "0-1"]
[WhiteElo "1700"]
[BlackElo "1681"]
[Opening "Benko's opening"]
[ECO "A00"]
[Time "19:30:10"]
[TimeControl "2700+45"]

1. g3 d5 2. Bg2 c5 3. d4 Nc6 4. dxc5 e6 5. Be3 Nf6 6. c3 Ng4 7. Bd4 e5 8. Be3
Nxe3 9. fxe3 e4 10. b4 a5 11. Qb3 Be6 12. Bh3 Qg5 13. Bxe6 fxe6 14. Kf2 Be7 15.
bxa5 O-O+ 16. Kg2 Qxe3 17. Nh3 Qxe2+ 18. Kg1 Qf1# {White checkmated} 0-1

[Event "Team 45 45 League T61"]
[Site "Internet Chess Club"]
[Date "2014.05.30"]
[Round "1"]
[White "Berke"]
[Black "drsigmund1"]
[Result "1/2-1/2"]
[WhiteElo "1583"]
[BlackElo "1533"]
[Opening "French: advance, Euwe variation"]
[ECO "C02"]
[Time "12:30:23"]
[TimeControl "2700+45"]

1. e4 e6 2. d4 d5 3. e5 c5 4. c3 Nc6 5. Nf3 Bd7 6. Bd3 Qb6 7. O-O cxd4 8. cxd4
Nxd4 9. Nxd4 Qxd4 10. Nc3 Qxe5 11. Re1 Qd6 12. Qf3 Nf6 13. Bf4 Qc6 14. Nb5 Bb4
15. Rec1 Qb6 16. Nc7+ Ke7 17. Nxa8 Rxa8 18. a3 Bd6 19. Bxd6+ Qxd6 20. Rc2 Bc6
21. Rac1 a6 22. Qe2 {Game drawn by mutual agreement} 1/2-1/2

[Event "Team 45 45 League T61"]
[Site "Internet Chess Club"]
[Date "2014.05.31"]
[Round "1"]
[White "Leon13"]
[Black "tamky70"]
[Result "1-0"]
[WhiteElo "1388"]
[BlackElo "1354"]
[Opening "Vienna: Mengarini variation"]
[ECO "C26"]
[Time "10:00:46"]
[TimeControl "2700+45"]

1. e4 Nf6 2. Nc3 e5 3. a3 Be7 4. d4 d6 5. h3 O-O 6. Bc4 exd4 7. Qxd4 Nc6 8. Qd1
Be6 9. Bd3 Ne5 10. Be2 c6 11. f4 Ned7 12. f5 Bxf5 13. exf5 Ne5 14. Nf3 Nxf3+ 15.
Bxf3 d5 16. O-O Bc5+ 17. Kh1 d4 18. Ne4 Nxe4 19. Bxe4 Re8 20. Bd3 a6 21. Qh5 f6
22. Bf4 Bd6 23. Bd2 Bc7 24. Rae1 Qd7 25. Bc4+ Kh8 26. Be6 Qd6 27. Bf4 Qd8 28.
Bxc7 Qxc7 29. Bf7 Re7 30. Bg6 h6 31. Qh4 c5 32. Rxe7 Qxe7 33. Re1 Qd6 34. Qe4
Qd7 35. Be8 Qc7 36. Bg6 Qd7 37. Qf4 Rd8 38. Re6 d3 39. cxd3 Qxd3 40. Qe3 Qd7 41.
Re7 Qd1+ 42. Kh2 Qd6+ 43. g3 Qd4 44. Re8+ {Black resigns} 1-0

[Event "Team 45 45 League T61"]
[Site "Internet Chess Club"]
[Date "2014.06.01"]
[Round "1"]
[White "HorseRadish"]
[Black "JOFRAN"]
[Result "1-0"]
[WhiteElo "1392"]
[BlackElo "1307"]
[Opening "Caro-Kann: Panov-Botvinnik attack"]
[ECO "B13"]
[Time "17:01:31"]
[TimeControl "2700+45"]

1. e4 c6 2. d4 d5 3. exd5 cxd5 4. c4 Nf6 5. Nc3 Bf5 6. cxd5 Nxd5 7. Bb5+ Nc6 8.
Nf3 f6 9. O-O e6 10. Qa4 Qd7 11. Re1 Bd6 12. Nxd5 O-O 13. Bxc6 Qxc6 14. Qxc6
bxc6 15. Nc3 Bb4 16. Nh4 Rfe8 17. Nxf5 exf5 18. Rxe8+ Rxe8 19. Bd2 Bxc3 20. Bxc3
Re2 21. g3 Kf7 22. Kg2 Kg6 23. Re1 Rc2 24. Re7 a5 25. Ra7 Re2 26. Rxa5 f4 27. d5
cxd5 28. Rxd5 fxg3 29. hxg3 f5 30. a4 Re8 31. b4 Kf7 32. a5 Ra8 33. Rd7+ Ke6 34.
Rxg7 Kd5 35. Rxh7 Kc4 36. Be1 Kb5 37. Rf7 Re8 38. Kf1 Re5 39. Rf6 Rd5 40. a6 Rd8
41. a7 Ra8 42. Rf7 Ka6 43. Bd2 Rxa7 44. Rxa7+ Kxa7 45. Ke2 Kb6 46. Ke3 Kb5 47.
Kf4 Kc4 48. Kxf5 Kb3 49. b5 Ka4 50. b6 Kb5 51. b7 Kc6 52. b8=Q {Black resigns}
1-0

[Event "Team 45 45 League T61"]
[Site "Internet Chess Club"]
[Date "2014.05.31"]
[Round "1"]
[White "SirIvanhoe"]
[Black "parrot9"]
[Result "1/2-1/2"]
[WhiteElo "1660"]
[BlackElo "1688"]
[Opening "Sicilian defense"]
[ECO "B20"]
[Time "13:08:57"]
[TimeControl "2700+45"]

1. e4 c5 2. d3 e6 3. Nf3 Nf6 4. g3 g6 5. Bg2 Bg7 6. O-O O-O 7. Re1 d6 8. Nbd2 a6
9. h3 Qc7 10. Nf1 b5 11. c3 Bb7 12. Be3 Nbd7 13. Qd2 Rfd8 14. Bh6 Bh8 15. Qe2
Rac8 16. N1d2 Nb6 17. Bg5 Bg7 18. Qe3 e5 19. Rec1 Qb8 20. b4 Nbd7 21. Rab1 cxb4
22. cxb4 Re8 23. Nb3 d5 24. Nfd2 Qd6 25. a3 d4 26. Qe1 Nh5 27. Nf1 h6 28. Bd2
Qe6 29. Rxc8 Rxc8 30. Qd1 Kh7 31. Rc1 Rxc1 32. Bxc1 Nhf6 33. Qc2 Qc6 34. Qxc6
Bxc6 35. g4 g5 {Game drawn by mutual agreement} 1/2-1/2

[Event "Team 45 45 League T61"]
[Site "Internet Chess Club"]
[Date "2014.05.29"]
[Round "1"]
[White "BrerRabbit"]
[Black "CaptK"]
[Result "1-0"]
[WhiteElo "1495"]
[BlackElo "1610"]
[Opening "King's Indian: East Indian defense"]
[ECO "A48"]
[Time "12:01:34"]
[TimeControl "2700+45"]

1. d4 Nf6 2. Nf3 g6 3. Nbd2 Bg7 4. e4 d6 5. c3 O-O 6. Bd3 e5 7. O-O Ne8 8. dxe5
dxe5 9. Nc4 Nc6 10. Bg5 Qd7 11. Qc2 Qe6 12. Rfe1 Nd6 13. Ne3 f5 14. Nd5 Rf7 15.
Rad1 f4 16. Be7 Nxe7 17. Nxc7 Qd7 18. Nxa8 Qc6 19. Ng5 Rf8 20. Qb3+ Kh8 21. Ne6
Bxe6 22. Qxe6 Re8 23. Bc2 Nb5 24. Qxc6 Nxc6 25. Rd5 a6 26. Nb6 Re7 27. Red1 Nc7
28. Rd7 Rxd7 29. Rxd7 Ne6 30. Rxb7 Kg8 31. Bb3 Nd8 32. Rb8 Bf6 33. Bxe6+ Kg7 34.
Bd5 {Black resigns} 1-0

[Event "Team 45 45 League T61"]
[Site "Internet Chess Club"]
[Date "2014.06.01"]
[Round "1"]
[White "Gilguli"]
[Black "PsyMar"]
[Result "1-0"]
[WhiteElo "1319"]
[BlackElo "1330"]
[Opening "King's Indian defense, 3.Nc3"]
[ECO "E61"]
[Time "14:30:12"]
[TimeControl "2700+45"]

1. d4 Nf6 2. c4 g6 3. Nc3 Bg7 4. e3 O-O 5. Nf3 d6 6. b4 a6 7. a4 Nbd7 8. Be2 c5
9. bxc5 dxc5 10. d5 e6 11. Rb1 exd5 12. cxd5 Nb6 13. e4 Re8 14. a5 Nbd7 15. Bd3
Qxa5 16. Bd2 Qc7 17. O-O c4 18. Bc2 b5 19. Re1 Ne5 20. Nd4 Bd7 21. f4 Bg4 22.
Qc1 Nd3 23. Bxd3 cxd3 24. e5 Nd7 25. h3 Be2 26. Ncxe2 Qb6 27. Be3 dxe2 28. Rxe2
Rec8 29. Nc6 Qb7 30. Ne7+ Kf8 31. Nxc8 Rxc8 32. Qa3+ Kg8 33. d6 g5 34. g3 h6 35.
Rc1 Nb6 36. Rxc8+ Nxc8 37. Qc5 b4 38. Rc2 {Black resigns} 1-0

[Event "Team 45 45 League T61"]
[Site "Internet Chess Club"]
[Date "2014.05.31"]
[Round "1"]
[White "otib2014"]
[Black "QuimCatala"]
[Result "0-1"]
[WhiteElo "1296"]
[BlackElo "1419"]
[Opening "Queen's pawn game, Chigorin variation"]
[ECO "D02"]
[Time "07:10:06"]
[TimeControl "2700+45"]

1. d4 d5 2. Nf3 Nc6 3. e3 Nf6 4. Bd3 e6 5. O-O Bd6 6. Nbd2 O-O 7. Qe2 Ne7 8. b3
Bd7 9. Bb2 a6 10. Rad1 Ng4 11. e4 e5 12. dxe5 Bc5 13. Bd4 Bxd4 14. Nxd4 Nxe5 15.
exd5 Nxd3 16. Qxd3 Nxd5 17. c4 Nf6 18. N2f3 Bg4 19. Rd2 Re8 20. h3 Bh5 21. Qc2
Bg6 22. Qc1 Ne4 23. Rdd1 Qf6 24. Ne2 Bh5 25. Rd3 Nd6 26. Ng3 Bg6 27. Rd4 Ne4 28.
Nxe4 Bxe4 29. Qe3 Bxf3 30. Qf4 Qxf4 31. Rxf4 Bh5 32. g4 Bg6 33. h4 h6 34. h5 Bd3
35. Rd1 Rad8 36. Rc1 Re2 37. Rd1 Ree8 38. Rf3 Be4 39. Rxd8 Rxd8 40. Re3 Rd1+ 41.
Kh2 Rh1+ 42. Kg3 Rg1+ 43. Kf4 Bc6 44. Re7 g5+ 45. hxg6 fxg6 46. Rxc7 Rg2 47.
Rc8+ Kf7 48. Rc7+ Kf6 49. Ke3 Rxg4 50. Rc8 Re4+ 51. Kd3 a5 52. Rxc6+ bxc6 53.
Kxe4 g5 54. a3 h5 55. Kf3 Kf5 56. b4 axb4 57. axb4 Ke5 58. b5 cxb5 59. cxb5 Kd6
60. Ke4 h4 61. Kf3 Kc5 62. b6 Kxb6 63. Kg4 Kc6 64. f3 Kd6 65. f4 h3 66. Kxh3
gxf4 67. Kg2 Ke5 68. Kf3 Kf5 69. Kg2 Ke4 70. Kf2 f3 71. Ke1 Kf4 72. Kf2 Kg4 73.
Kg1 Kg3 74. Kf1 f2 75. Ke2 Kg2 {White resigns} 0-1

[Event "Team 45 45 League T61"]
[Site "Internet Chess Club"]
[Date "2014.06.01"]
[Round "1"]
[White "blerkoid"]
[Black "SATELLITE-DAN"]
[Result "1-0"]
[WhiteElo "1579"]
[BlackElo "1582"]
[Opening "Scotch game"]
[ECO "C45"]
[Time "23:52:44"]
[TimeControl "2700+45"]

1. e4 e5 2. Nf3 Nc6 3. d4 exd4 4. Nxd4 Bc5 5. Nxc6 Qf6 6. Qe2 dxc6 7. Nc3 Be6 8.
Be3 Bb4 9. Bd2 Ne7 10. Qe3 Qg6 11. a3 Ba5 12. g3 O-O 13. Bg2 Bc4 14. b3 Ba6 15.
Ne2 Bxd2+ 16. Qxd2 Rad8 17. Qe3 f5 18. O-O Bxe2 19. Qxe2 f4 20. Rfe1 b5 21. a4
a6 22. axb5 cxb5 23. Ra2 Qf7 24. Qf3 Rd6 25. Rd1 Rxd1+ 26. Qxd1 fxg3 27. fxg3
Qf2+ 28. Kh1 Nc6 29. Qg1 Qe2 30. Rxa6 Ne5 31. Ra1 Qxc2 32. Qd1 Qf2 33. Qd5+ Nf7
34. Rf1 Qb6 35. Bh3 c6 36. Qd7 Qd8 37. Qxc6 Qd3 38. Qd5 Qxd5 39. exd5 Nd6 40.
Be6+ Nf7 41. d6 g6 42. Kg2 Kg7 43. d7 Nd8 44. Rxf8 Kxf8 45. Bg4 b4 46. Kf3 Ke7
47. Ke3 Kd6 48. Kd4 h5 49. Bf3 Kxd7 50. Kc4 Nc6 51. Bxc6+ Kxc6 52. Kxb4 Kb6 53.
Kc4 Kc6 54. Kd4 Kd6 55. Ke4 {Black resigns} 1-0

[Event "Team 45 45 League T61"]
[Site "Internet Chess Club"]
[Date "2014.05.30"]
[Round "1"]
[White "Tjet"]
[Black "Bible-Believer"]
[Result "1/2-1/2"]
[WhiteElo "1446"]
[BlackElo "1574"]
[Opening "English: Mikenas-Carls, Flohr variation"]
[ECO "A18"]
[Time "20:00:23"]
[TimeControl "2700+45"]

1. c4 Nf6 2. Nc3 e6 3. e4 d5 4. e5 Ne4 5. Nxe4 dxe4 6. d4 exd3 7. Qxd3 Bb4+ 8.
Bd2 Bxd2+ 9. Qxd2 Qxd2+ 10. Kxd2 Nd7 11. f4 b6 12. Be2 Bb7 13. Bf3 O-O-O 14.
Bxb7+ Kxb7 15. Kc2 Nc5 16. Nf3 Nd3 17. g3 Nb4+ 18. Kb3 c5 19. Rhd1 h6 20. a3 Nc6
21. Kc3 Kc7 22. Rxd8 {Game drawn by mutual agreement} 1/2-1/2

[Event "Team 45 45 League T61"]
[Site "Internet Chess Club"]
[Date "2014.05.29"]
[Round "1"]
[White "BotanicalKnight"]
[Black "dabodhi"]
[Result "1/2-1/2"]
[WhiteElo "1515"]
[BlackElo "1363"]
[Opening "Sicilian: closed, 6.f4"]
[ECO "B25"]
[Time "20:02:08"]
[TimeControl "2700+45"]

1. e4 c5 2. Nc3 g6 3. g3 Bg7 4. Bg2 Nc6 5. d3 d6 6. f4 Nf6 7. h3 O-O 8. Nf3 Nh5
9. Ne2 Nf6 10. O-O e6 11. g4 Ne7 12. Rb1 a5 13. Qe1 b5 14. c3 Qb6 15. Kh1 Bb7
16. Qg3 d5 17. e5 Nd7 18. h4 Rac8 19. h5 c4 20. d4 {Game drawn by mutual
agreement} 1/2-1/2

[Event "Team 45 45 League T61"]
[Site "Internet Chess Club"]
[Date "2014.05.29"]
[Round "1"]
[White "KingOfClubs"]
[Black "kingsrook"]
[Result "1-0"]
[WhiteElo "1462"]
[BlackElo "1337"]
[Opening "Sicilian: Anderssen variation"]
[ECO "B41"]
[Time "14:30:25"]
[TimeControl "2700+45"]

1. e4 c5 2. Nf3 e6 3. d4 cxd4 4. Nxd4 Nf6 5. Nc3 Nc6 6. Be3 Bb4 7. Nxc6 bxc6 8.
Bd3 e5 9. O-O O-O 10. Bg5 Be7 11. Kh1 Qc7 12. f4 d6 13. f5 Re8 14. Qe2 Rb8 15.
Nd1 d5 16. b3 d4 17. Nf2 Qd6 18. Ng4 c5 19. Nxf6+ Bxf6 20. Qg4 Bxg5 21. Qxg5 f6
22. Bc4+ Kf8 23. Qh5 Re7 24. Qxh7 Ke8 25. Qg6+ Kd8 26. Rad1 Kc7 27. Qg3 Ba6 28.
Bd3 Bb7 29. c3 Qc6 30. cxd4 Kd7 31. dxc5 Kc7 32. b4 Ba6 33. Bxa6 Qxa6 34. a3 Rd8
35. Rfe1 Red7 36. Rxd7+ Rxd7 37. Qb3 Qb7 38. h3 Qb8 39. Rd1 Rd4 40. Qf7+ Kc6 41.
Rxd4 exd4 42. Qd5+ Kb5 43. Qxd4 Qf4 44. Qd3+ Kc6 45. Qd6+ Qxd6 46. cxd6 Kxd6 47.
g4 Ke5 48. Kg2 Kxe4 49. Kg3 a6 50. h4 Ke5 51. Kf3 Kd4 52. Kf4 Kd5 53. g5 fxg5+
54. hxg5 Kd6 55. Ke4 Ke7 56. Ke5 Kf7 57. f6 Kg6 58. fxg7 Kxg7 59. Kf5 Kf7 60. a4
Kg7 61. b5 axb5 62. axb5 Kf7 63. b6 Kg7 64. b7 Kf7 65. b8=Q Kg7 66. Qb6 Kf7 67.
Qf6+ Ke8 68. g6 Kd7 69. g7 Kc7 70. g8=Q {Black resigns} 1-0

[Event "Team 45 45 League T61"]
[Site "Internet Chess Club"]
[Date "2014.06.01"]
[Round "1"]
[White "BrianWood"]
[Black "alexine"]
[Result "1/2-1/2"]
[WhiteElo "1477"]
[BlackElo "1604"]
[Opening "Giuoco Piano: Möller (Therkatz) attack"]
[ECO "C54"]
[Time "14:00:44"]
[TimeControl "2700+45"]

1. e4 e5 2. Nf3 Nc6 3. Bc4 Bc5 4. c3 Nf6 5. d4 exd4 6. cxd4 Bb4+ 7. Nc3 Nxe4 8.
O-O Bxc3 9. d5 Bf6 10. Re1 Ne7 11. Rxe4 d6 12. Bg5 Bf5 13. Re1 Bxg5 14. Nxg5 h6
15. Nxf7 Kxf7 16. Qf3 g6 17. Bd3 Qd7 18. g4 Rhf8 19. Rxe7+ Qxe7 20. gxf5 Kg7 21.
Qg3 Qg5 22. Qxg5 hxg5 23. fxg6 Rf3 24. Be4 Rf4 25. Bc2 Rh8 26. Re1 Rg4+ 27. Kh1
Kf6 28. Re6+ Kg7 29. Re7+ Kh6 {Game drawn by mutual agreement} 1/2-1/2

[Event "Team 45 45 League T61"]
[Site "Internet Chess Club"]
[Date "2014.05.29"]
[Round "1"]
[White "Chess4Him"]
[Black "TimeCo"]
[Result "1-0"]
[WhiteElo "1511"]
[BlackElo "1383"]
[Opening "Queen's pawn: London system"]
[ECO "A45"]
[Time "14:00:09"]
[TimeControl "2700+45"]

1. d4 Nf6 2. Bf4 d5 3. e3 c5 4. c3 Nc6 5. Nf3 Bg4 6. Nbd2 e6 7. h3 Bxf3 8. Nxf3
Be7 9. Bd3 O-O 10. O-O c4 11. Bc2 Bd6 12. Ne5 Qc7 13. Nxc6 Bxf4 14. exf4 Qxc6
15. Re1 Qd7 16. Qf3 g6 17. g4 Ne8 18. f5 exf5 19. gxf5 Ng7 20. f6 Nh5 21. Re5
Rad8 22. Rxh5 gxh5 23. Qg3+ {Black resigns} 1-0

[Event "Team 45 45 League T61"]
[Site "Internet Chess Club"]
[Date "2014.05.30"]
[Round "1"]
[White "rkaebi"]
[Black "jjaillet2007"]
[Result "1-0"]
[WhiteElo "1431"]
[BlackElo "1308"]
[Opening "French: Marshall variation"]
[ECO "C10"]
[Time "13:03:42"]
[TimeControl "2700+45"]

1. e4 e6 2. d4 d5 3. Nc3 c5 4. Nf3 Nc6 5. Bb5 a6 6. Be2 cxd4 7. Nxd4 Bb4 8. Nxc6
bxc6 9. Qd4 Bxc3+ 10. Qxc3 Nf6 11. Bg5 Bb7 12. Qb4 Rb8 13. e5 h6 14. Bh4 g5 15.
exf6 gxh4 16. Qxh4 Qa5+ 17. c3 c5 18. Qf4 Qd8 19. O-O d4 20. Rad1 Rg8 21. f3 Bd5
22. b3 dxc3 23. Bxa6 Qb6 24. Rxd5 exd5 25. Qe5+ Kf8 26. Qe7# {Black checkmated}
1-0

[Event "Team 45 45 League T61"]
[Site "Internet Chess Club"]
[Date "2014.05.31"]
[Round "1"]
[White "stantheman59"]
[Black "moto"]
[Result "0-1"]
[WhiteElo "1249"]
[BlackElo "1447"]
[Opening "French: exchange variation"]
[ECO "C01"]
[Time "13:04:22"]
[TimeControl "2700+45"]

1. e4 e6 2. d4 d5 3. exd5 exd5 4. Nf3 Bb4+ 5. c3 Be7 6. Bd3 Nf6 7. h3 O-O 8. O-O
c5 9. Be3 c4 10. Bc2 b5 11. b3 a5 12. Nbd2 Be6 13. bxc4 dxc4 14. Ne4 Nd5 15. Bd2
Ba3 16. Neg5 Bb2 17. Rb1 Bxc3 18. Bxh7+ Kh8 19. Re1 b4 20. Qc2 Bxd2 21. Bg8 g6
22. Bxf7 Bxf7 23. Re4 Bxg5 24. Re5 Bf6 25. Re4 Nc3 26. Rbe1 Nxe4 27. Rxe4 Bd5
28. Rg4 Bf7 29. Qc1 Kg7 30. h4 Rh8 31. Qb1 Nc6 32. Ng5 Bxg5 33. Rxg5 Rxh4 34. d5
Qxg5 {White resigns} 0-1

[Event "Team 45 45 League T61"]
[Site "Internet Chess Club"]
[Date "2014.06.01"]
[Round "1"]
[White "Toalla"]
[Black "tamky70"]
[Result "1/2-1/2"]
[WhiteElo "1303"]
[BlackElo "1352"]
[Opening "King's Indian, 3.Nf3"]
[ECO "E60"]
[Time "21:01:06"]
[TimeControl "2700+45"]

1. d4 Nf6 2. c4 g6 3. Nf3 Bg7 4. e3 d6 5. Bd3 O-O 6. Nc3 Nc6 7. O-O a6 8. b3 e5
9. dxe5 dxe5 10. Bb2 Re8 11. Ne4 Nxe4 12. Bxe4 Bg4 13. h3 Qxd1 14. Rfxd1 Bxf3
15. Bxf3 e4 16. Bxg7 exf3 17. Bh6 fxg2 18. Rd7 Rad8 19. Rad1 Rxd7 20. Rxd7 Nb4
21. Rxc7 Nxa2 22. Rxb7 Ra8 23. Kxg2 Nc3 24. f3 a5 25. c5 a4 26. bxa4 Nxa4 27. c6
Nc5 28. Rc7 Ne6 29. Re7 Rc8 30. e4 Nd4 31. c7 Ne6 32. f4 Nxc7 33. f5 gxf5 34.
exf5 Nd5 35. Re5 Nf6 36. Kf3 Rc6 37. h4 Rc8 38. Bg5 Kg7 39. Bxf6+ Kxf6 40. Kf4
Rc4+ 41. Re4 Rc5 42. Kf3 Rxf5+ 43. Rf4 Rxf4+ 44. Kxf4 h5 45. Ke4 Ke6 46. Kf4 f5
47. Kg5 Ke5 48. Kxh5 f4 49. Kg4 Ke4 50. h5 f3 51. h6 Ke3 52. h7 f2 53. h8=Q f1=Q
54. Qc3+ Ke2 55. Qc4+ Kf2 56. Qxf1+ Kxf1 {Game drawn because neither player has
mating material} 1/2-1/2

[Event "Team 45 45 League T61"]
[Site "Internet Chess Club"]
[Date "2014.06.01"]
[Round "1"]
[White "fuzzface"]
[Black "guyd52"]
[Result "0-1"]
[WhiteElo "1323"]
[BlackElo "1305"]
[Opening "English, 1...Nf6 (Anglo-Indian defense)"]
[ECO "A15"]
[Time "09:00:29"]
[TimeControl "2700+45"]

1. c4 Nf6 2. g3 g6 3. Bg2 Bg7 4. Nc3 d6 5. d3 Nbd7 6. e4 e5 7. Bg5 O-O 8. Nge2
a6 9. Rb1 c5 10. O-O b5 11. b3 Nb6 12. f4 h6 13. Bxf6 Bxf6 14. fxe5 Bxe5 15. Qd2
Bg4 16. cxb5 axb5 17. Nxb5 Kh7 18. Bf3 Bh3 19. Rf2 Qd7 20. a4 f5 21. Nec3 f4 22.
Bg2 fxg3 23. hxg3 Bxg3 24. Rxf8 Rxf8 25. Rf1 Bh2+ 26. Kxh2 Rxf1 27. Bxf1 Bxf1
28. Qf2 Bxd3 29. a5 Bxb5 30. Nxb5 Nc8 31. Qe2 Na7 32. Nxa7 Qxa7 33. Qb5 Qf7 34.
Kg2 Qf4 35. Qd7+ Kh8 36. Qe8+ Kg7 37. a6 Qd2+ 38. Kf1 Qd3+ 39. Kf2 Qxa6 40. Qe7+
Kg8 41. Qe6+ Kg7 42. e5 Qa2+ 43. Kf3 dxe5 44. Qxe5+ Kf7 45. Qd5+ Kf6 46. Qd6+
Kf7 47. Qd5+ Kf6 48. Kf4 Qf2+ 49. Ke4 Qg2+ {White resigns} 0-1